[ AOE2 MATCH · #495319884 ]
UnrankedTatars vs Maya
Player's team · LOSS
Rival team · WIN
[ REPLAY ANALYSIS · EXTRACTED FROM THE RECORDED GAME ]
Feudal
8:54
Castle
19:54
Imperial
35:03
| APM avg | 56.4 |
| APM peak | 95 |
| eAPM avg | 31.3 |
| Villagers / military | 197 / 269 |
Focus
⚔️ 46.7% · 🌾 53.3%
Cavalry Archer ×128 · Scout Cavalry ×119 · Trebuchet (Packed) ×8 · Monk ×5 · Mangonel ×4 · Archer ×2
Feudal
9:45
Castle
20:15
Imperial
35:51
| APM avg | 36.6 |
| APM peak | 58 |
| eAPM avg | 23.8 |
| Villagers / military | 142 / 215 |
Focus
⚔️ 49.8% · 🌾 50.2%
Plumed Archer ×114 · Spearman ×62 · Battering Ram ×20 · Scorpion ×7 · Eagle Scout ×5 · Mangonel ×4
Match map
Initial resources + every placement click. Lines = walls · curves = elevation contours. ◆ gold · ⬟ stone · ● berries · ✦ relic · ◌ wall gap
Your base· Open — 1t gap
xingxing's base· ✓ Closed at 20:15 · 38t walls · 1 gate(s)
Smoothed initial terrain · ◌ = detected wall gap · hover for details
Inputs per minute
— sane - - xingxing
Build order — sane
First 150 of 705 actions detected
| 0:00 | Create | Villager (Male) |
| 0:00 | Create | Villager (Male) |
| 0:01 | Create | Villager (Male) |
| 0:01 | Create | Villager (Male) |
| 0:04 | Build | House |
| 0:05 | Build | House |
| 1:27 | Create | Villager (Male) |
| 1:46 | Build | Lumber Camp |
| 1:50 | Create | Villager (Male) |
| 2:20 | Create | Villager (Male) |
| 2:49 | Create | Villager (Male) |
| 3:09 | Create | Villager (Male) |
| 3:40 | Create | Villager (Male) |
| 3:49 | Build | House |
| 4:02 | Create | Villager (Male) |
| 4:02 | Create | Villager (Male) |
| 4:18 | Build | Mill |
| 4:24 | Build | Mill |
| 4:30 | Create | Villager (Male) |
| 4:31 | Create | Villager (Male) |
| 4:46 | Create | Villager (Male) |
| 4:47 | Create | Villager (Male) |
| 5:52 | Create | Villager (Male) |
| 5:52 | Create | Villager (Male) |
| 5:56 | Research | Loom |
| 6:44 | Research | Feudal Age |
| 7:19 | Create | Villager (Male) |
| 7:23 | Build | Barracks |
| 7:28 | Build | House |
| 7:53 | Create | Villager (Male) |
| 8:31 | Build | House |
| 8:54 | Age | Feudal Age |
| 8:55 | Build | Stable |
| 8:57 | Research | Double-Bit Axe |
| 9:21 | Create | Villager (Male) |
| 9:29 | Create | Villager (Male) |
| 9:32 | Create | Villager (Male) |
| 9:40 | Build | Mill |
| 9:46 | Create | Scout Cavalry |
| 9:48 | Create | Villager (Male) |
| 10:17 | Create | Villager (Male) |
| 10:21 | Create | Scout Cavalry |
| 10:36 | Build | Palisade Wall |
| 10:42 | Build | Farm |
| 10:44 | Build | Farm |
| 10:45 | Build | Farm |
| 10:46 | Create | Villager (Male) |
| 10:51 | Build | Farm |
| 10:59 | Create | Scout Cavalry |
| 11:05 | Create | Villager (Male) |
| 11:11 | Build | House |
| 11:23 | Create | Scout Cavalry |
| 11:33 | Build | Palisade Wall |
| 11:37 | Build | Farm |
| 11:39 | Build | House |
| 11:51 | Build | House |
| 11:57 | Build | Farm |
| 11:57 | Create | Villager (Male) |
| 12:15 | Create | Villager (Male) |
| 12:27 | Build | House |
| 12:29 | Build | Farm |
| 12:48 | Create | Villager (Male) |
| 12:51 | Build | Farm |
| 12:52 | Build | Farm |
| 13:13 | Create | Villager (Male) |
| 13:16 | Build | Palisade Wall |
| 13:25 | Create | Villager (Male) |
| 13:27 | Build | Farm |
| 13:31 | Create | Villager (Male) |
| 13:32 | Build | Archery Range |
| 13:36 | Create | Villager (Male) |
| 13:36 | Create | Villager (Male) |
| 13:45 | Create | Villager (Male) |
| 13:47 | Create | Villager (Male) |
| 14:05 | Build | House |
| 14:09 | Build | Farm |
| 14:10 | Build | Farm |
| 14:33 | Create | Villager (Male) |
| 14:35 | Build | Farm |
| 14:36 | Build | Farm |
| 14:41 | Create | Villager (Male) |
| 14:44 | Build | Mining Camp |
| 14:45 | Create | Villager (Male) |
| 14:56 | Build | House |
| 14:57 | Build | House |
| 15:05 | Build | Palisade Wall |
| 15:12 | Create | Skirmisher |
| 15:48 | Create | Archer |
| 16:29 | Build | Blacksmith |
| 16:31 | Create | Skirmisher |
| 16:39 | Build | Palisade Wall |
| 16:41 | Create | Villager (Male) |
| 16:51 | Build | Lumber Camp |
| 17:11 | Research | Castle Age |
| 17:37 | Build | Archery Range |
| 17:47 | Research | Fletching |
| 17:51 | Research | Gold Mining |
| 17:53 | Research | Bloodlines |
| 17:54 | Research | Bloodlines |
| 18:24 | Create | Villager (Male) |
| 18:37 | Build | Archery Range |
| 18:59 | Create | Archer |
| 19:38 | Create | Villager (Male) |
| 19:43 | Build | Mining Camp |
| 19:49 | Build | Lumber Camp |
| 19:54 | Age | Castle Age |
| 19:56 | Create | Cavalry Archer |
| 19:56 | Create | Cavalry Archer |
| 19:57 | Create | Cavalry Archer |
| 19:58 | Research | Crossbowman (upgrade) |
| 20:01 | Research | Bodkin Arrow |
| 20:01 | Research | Bodkin Arrow |
| 20:02 | Create | Cavalry Archer |
| 20:03 | Create | Cavalry Archer |
| 20:09 | Research | Gold Shaft Mining |
| 20:15 | Create | Villager (Male) |
| 20:30 | Create | Cavalry Archer |
| 20:37 | Create | Villager (Male) |
| 20:44 | Create | Cavalry Archer |
| 20:45 | Create | Cavalry Archer |
| 20:50 | Create | Cavalry Archer |
| 21:06 | Research | Husbandry |
| 21:12 | Create | Cavalry Archer |
| 21:12 | Create | Villager (Male) |
| 21:19 | Create | Villager (Male) |
| 21:31 | Build | House |
| 21:40 | Build | Farm |
| 21:42 | Create | Cavalry Archer |
| 21:50 | Create | Cavalry Archer |
| 22:00 | Build | House |
| 22:01 | Build | House |
| 22:06 | Create | Cavalry Archer |
| 22:12 | Create | Villager (Male) |
| 22:13 | Create | Villager (Male) |
| 22:24 | Build | Town Center |
| 22:35 | Create | Cavalry Archer |
| 22:41 | Create | Cavalry Archer |
| 22:41 | Create | Villager (Male) |
| 22:53 | Create | Villager (Male) |
| 22:57 | Create | Cavalry Archer |
| 23:04 | Create | Villager (Male) |
| 23:09 | Create | Villager (Male) |
| 23:25 | Build | Town Center |
| 23:32 | Create | Villager (Male) |
| 23:40 | Create | Villager (Male) |
| 23:42 | Create | Cavalry Archer |
| 23:42 | Create | Cavalry Archer |
| 23:43 | Create | Cavalry Archer |
| 23:51 | Create | Villager (Male) |
| 23:51 | Create | Villager (Male) |
Build order — xingxing
First 150 of 573 actions detected
| 0:02 | Research | Loom |
| 0:03 | Create | Villager (Male) |
| 0:03 | Create | Villager (Male) |
| 0:03 | Create | Villager (Male) |
| 0:05 | Build | House |
| 1:31 | Create | Villager (Male) |
| 1:45 | Build | House |
| 2:02 | Create | Villager (Male) |
| 2:02 | Create | Villager (Male) |
| 2:08 | Create | Villager (Male) |
| 2:45 | Build | Lumber Camp |
| 2:50 | Create | Villager (Male) |
| 2:50 | Create | Villager (Male) |
| 3:02 | Create | Villager (Male) |
| 3:39 | Create | Villager (Male) |
| 3:39 | Create | Villager (Male) |
| 3:52 | Build | House |
| 4:31 | Create | Villager (Male) |
| 4:31 | Create | Villager (Male) |
| 4:45 | Build | Mill |
| 4:49 | Create | Villager (Male) |
| 5:36 | Create | Villager (Male) |
| 5:42 | Build | House |
| 6:06 | Create | Villager (Male) |
| 6:22 | Build | Palisade Wall |
| 6:34 | Build | Lumber Camp |
| 6:37 | Create | Villager (Male) |
| 7:03 | Create | Villager (Male) |
| 7:10 | Build | Palisade Wall |
| 7:19 | Build | House |
| 7:21 | Build | Palisade Wall |
| 7:35 | Research | Feudal Age |
| 7:35 | Research | Feudal Age |
| 8:16 | Build | Palisade Wall |
| 8:33 | Build | Barracks |
| 8:50 | Create | Villager (Male) |
| 9:21 | Build | House |
| 9:24 | Build | Palisade Wall |
| 9:45 | Age | Feudal Age |
| 9:48 | Build | Mining Camp |
| 9:49 | Create | Spearman |
| 9:50 | Research | Double-Bit Axe |
| 9:51 | Create | Villager (Male) |
| 9:59 | Build | Palisade Gate |
| 10:04 | Build | House |
| 10:22 | Build | House |
| 10:32 | Create | Villager (Male) |
| 10:45 | Build | Farm |
| 10:47 | Create | Villager (Male) |
| 10:56 | Build | Palisade Wall |
| 10:59 | Build | Palisade Wall |
| 11:09 | Create | Eagle Scout |
| 11:20 | Create | Villager (Male) |
| 11:22 | Build | Farm |
| 11:24 | Build | Farm |
| 11:26 | Research | Horse Collar |
| 11:41 | Create | Spearman |
| 11:52 | Create | Villager (Male) |
| 11:53 | Create | Villager (Male) |
| 11:55 | Build | Farm |
| 12:14 | Create | Villager (Male) |
| 12:20 | Build | House |
| 12:27 | Create | Villager (Male) |
| 12:34 | Build | Farm |
| 12:38 | Build | Farm |
| 12:55 | Build | Farm |
| 12:58 | Build | House |
| 13:08 | Create | Villager (Male) |
| 13:08 | Create | Villager (Male) |
| 13:15 | Create | Villager (Male) |
| 13:22 | Create | Spearman |
| 13:34 | Build | Farm |
| 13:47 | Build | Farm |
| 14:03 | Create | Spearman |
| 14:06 | Create | Villager (Male) |
| 14:11 | Build | Farm |
| 14:22 | Build | Palisade Wall |
| 14:35 | Create | Villager (Male) |
| 14:46 | Build | Blacksmith |
| 15:03 | Create | Villager (Male) |
| 15:23 | Build | Market |
| 15:29 | Create | Villager (Male) |
| 16:04 | Create | Villager (Male) |
| 16:11 | Create | Villager (Male) |
| 16:20 | Build | Farm |
| 16:28 | Build | Farm |
| 16:30 | Build | Farm |
| 16:58 | Create | Villager (Male) |
| 17:35 | Research | Castle Age |
| 17:50 | Create | Eagle Scout |
| 18:22 | Build | Farm |
| 18:43 | Create | Eagle Scout |
| 18:45 | Research | Scale Mail Armor |
| 19:20 | Build | House |
| 19:24 | Build | House |
| 19:53 | Build | Palisade Wall |
| 20:11 | Create | Eagle Scout |
| 20:11 | Create | Eagle Scout |
| 20:15 | Age | Castle Age |
| 20:20 | Build | House |
| 20:24 | Research | Eagle Warrior (upgrade) |
| 20:26 | Research | Bow Saw |
| 20:27 | Create | Villager (Male) |
| 20:27 | Create | Villager (Male) |
| 20:34 | Build | Town Center |
| 21:11 | Build | Town Center |
| 21:20 | Research | Wheelbarrow |
| 21:25 | Create | Villager (Male) |
| 22:03 | Build | Town Center |
| 22:14 | Create | Villager (Male) |
| 22:15 | Create | Villager (Male) |
| 22:20 | Build | Siege Workshop |
| 22:23 | Create | Villager (Male) |
| 22:36 | Create | Villager (Male) |
| 22:36 | Create | Villager (Male) |
| 22:42 | Create | Villager (Male) |
| 22:43 | Create | Villager (Male) |
| 22:46 | Build | University |
| 23:00 | Build | Farm |
| 23:02 | Create | Villager (Male) |
| 23:07 | Create | Scorpion |
| 23:07 | Create | Scorpion |
| 23:19 | Create | Villager (Male) |
| 23:22 | Create | Villager (Male) |
| 23:23 | Create | Villager (Male) |
| 23:35 | Create | Scorpion |
| 23:53 | Create | Villager (Male) |
| 23:54 | Create | Villager (Male) |
| 23:57 | Build | Farm |
| 23:57 | Build | Farm |
| 23:58 | Build | Farm |
| 24:00 | Create | Villager (Male) |
| 24:19 | Research | Ballistics |
| 24:23 | Create | Villager (Male) |
| 24:26 | Create | Villager (Male) |
| 24:26 | Create | Villager (Male) |
| 24:26 | Create | Villager (Male) |
| 24:27 | Create | Villager (Male) |
| 24:31 | Build | Farm |
| 24:33 | Build | Farm |
| 24:45 | Build | House |
| 24:46 | Build | House |
| 24:48 | Build | Lumber Camp |
| 24:53 | Build | Farm |
| 24:55 | Create | Villager (Male) |
| 25:00 | Research | Town Watch |
| 25:02 | Create | Villager (Male) |
| 25:02 | Create | Villager (Male) |
| 25:10 | Build | Farm |
| 25:13 | Build | Farm |
Match timeline
| 6:22 | xingxing · wall_segment Palisade Wall x6 |
| 7:10 | xingxing · wall_segment Palisade Wall x14 |
| 7:21 | xingxing · wall_segment Palisade Wall x4 |
| 7:23 | sane · first_building Barracks |
| 8:16 | xingxing · wall_segment Palisade Wall x1 |
| 8:33 | xingxing · first_building Barracks |
| 8:54 | sane · age_up feudal |
| 8:55 | sane · first_building Stable |
| 9:24 | xingxing · wall_segment Palisade Wall x6 |
| 9:45 | xingxing · age_up feudal |
| 10:36 | sane · wall_segment Palisade Wall x10 |
| 10:56 | xingxing · wall_segment Palisade Wall x4 |
| 10:59 | xingxing · wall_segment Palisade Wall x6 |
| 11:33 | sane · wall_segment Palisade Wall x1 |
| 13:16 | sane · wall_segment Palisade Wall x12 |
| 13:32 | sane · first_building Archery Range |
| 14:22 | xingxing · wall_segment Palisade Wall x1 |
| 15:05 | sane · wall_segment Palisade Wall x15 |
| 16:39 | sane · wall_segment Palisade Wall x7 |
| 16:42 | xingxing · first_market_buy 100 food |
| 19:53 | xingxing · wall_segment Palisade Wall x1 |
| 19:54 | sane · age_up castle |
| 20:15 | xingxing · age_up castle |
| 21:43 | xingxing · first_market_sell 100 wood |
| 22:20 | xingxing · first_building Siege Workshop |
| 24:32 | sane · first_building Siege Workshop |
| 25:24 | xingxing · first_building Monastery |
| 27:30 | xingxing · first_building Castle |
| 30:00 | xingxing · first_building Archery Range |
| 30:56 | sane · first_building Monastery |
| 32:15 | sane · first_building Castle |
| 32:19 | xingxing · wall_segment Stone Wall x14 |
| 34:53 | xingxing · wall_segment Stone Wall x1 |
| 35:03 | sane · age_up imperial |
| 35:24 | sane · first_market_sell 100 food |
| 35:51 | xingxing · age_up imperial |
| 50:29 | sane · resign |
[ AI ANALYSIS · 1 CREDIT ]
What really happened in this match?
Wolo.gg analyzes every decision: build order, eco, micro, common mistakes by bracket. Personalized analysis on WhatsApp or Discord in 30 seconds.
Civ guide
Tatars
Perfil
Jugador #4116886